 Dungeon Crawl Stone Soup version 0.31-a0-1074-g0b22e4e0f1 (webtiles) character file.

Game seed: 8339982101284859240

2603 Curundu the Spear-Bearer (level 9, 0/78 HPs)
             Began as a Minotaur Berserker on Dec 8, 2023.
             Was a Priest of Trog.
             Succumbed to a killer bee's poison
             ... on level 7 of the Dungeon.
             The game lasted 00:33:59 (5416 turns).

Curundu the Spear-Bearer (Minotaur Berserker)       Turns: 5416, Time: 00:33:59

Health: 0/78       AC: 17    Str: 25    XL:     9   Next: 33%
Magic:  8/8        EV: 10    Int:  4    God:    Trog [***...]
Gold:   240        SH:  0    Dex: 11    Spells: 8/8 levels left

rFire   + + .        g - +5 whip of Welfare {holy, rN++}
rCold   + . .        (no shield)
rNeg    + + .        A - +4 chain mail of Generosity {rCorr Slay+4}
rPois   +            (helmet restricted)
rElec   +            m - scarf {shadows}
rCorr   +            F - +0 pair of gloves
SInv    +            o - +1 pair of boots
Will    .....        (no amulet) Stlth
                     e - ring of protection from fire
HPRegen 0.33/turn    v - ring of see invisible
MPRegen 0.11/turn

%: no passive effects
@: brilliant, lethally poisoned (0 -> -3), resistant
A: horns 2, retaliatory headbutt
a: Renounce Religion, Berserk, Trog's Hand


You were on level 7 of the Dungeon.
You worshipped Trog.
Trog was most pleased with you.
You visited 2 branches of the dungeon, and saw 8 of its levels.

You collected 294 gold pieces.
You spent 54 gold pieces at shops.

Inventory:

Hand Weapons
 a - a +0 spear
 g - the +5 whip of Welfare (weapon) {holy, rN++}
   (You found it on level 2 of the Dungeon)

   rN++:      It greatly protects you from negative energy.
 h - the +1 spear of the Sun {speed, Str+6 Int+6 Stlth-}
   (You found it on level 2 of the Dungeon)

   Str+6:     It affects your strength (+6).
   Int+6:     It affects your intelligence (+6).
   Stlth-:    It makes you less stealthy.
 t - a +3 club
Missiles
 k - a throwing net
 E - 2 poisoned darts (quivered)
Armour
 b - a +0 animal skin
 m - a scarf of shadows (worn)
 o - a +1 pair of boots (worn)
 A - the +4 chain mail of Generosity (worn) {rCorr Slay+4}
   (You found it on level 5 of the Dungeon)

   Slay+4:    It affects your accuracy & damage with ranged weapons and melee
   (+4).
   rCorr:     It protects you from acid and corrosion.
 F - a +0 pair of gloves (worn)
Jewellery
 d - an amulet of reflection
 e - a ring of protection from fire (left hand)
 f - a ring of flight
 p - a ring of positive energy
 v - a ring of see invisible (right hand)
 C - an amulet of the acrobat
Wands
 n - a wand of light (11)
 s - a wand of polymorph (12)
 y - a wand of paralysis (7)
 z - a wand of digging (5)
Scrolls
 c - 4 scrolls of identify
 i - 6 scrolls of teleportation
 j - 4 scrolls of fog
 r - 2 scrolls of blinking {unknown}
 u - 3 scrolls of poison
 D - 2 scrolls of enchant weapon
Potions
 q - a potion of curing {unknown}
 w - a potion of mutation {unknown}
 x - 2 potions of haste


   Skills:
 + Level 6.9 Fighting
 + Level 0.9 Maces & Flails
 + Level 9.4 Polearms
 + Level 5.9 Throwing
 + Level 4.7 Armour
 + Level 4.7 Dodging
 + Level 2.2 Stealth
 + Level 3.5 Shields
 + Level 0.7 Unarmed Combat


You had 8 spell levels left.
You didn't know any spells.
Your spell library was empty.

Dungeon Overview and Level Annotations

Branches:
Dungeon (7/15)             Temple (1/1) D:5

Altars:
Ashenzari
Cheibriados
Dithmenos
Elyvilon
Fedhas
Gozag
Hepliaklqana
Kikubaaqudgha
Makhleb
Nemelex Xobeh
Okawaru
Qazlal
Ru
Sif Muna
Trog
Uskayaw
Vehumet
Wu Jian
Xom
Yredelemnul
Zin
The Shining One

Shops:
D:6 =[*[


Innate Abilities, Weirdness & Mutations

You have a pair of horns on your head.
You reflexively headbutt those who attack you in melee.


Message History

You are lethally poisoned!
The killer bee poisons you!
The killer bee stings you but does no damage.
The killer bee barely misses you. You furiously retaliate!
You headbutt the killer bee.
You kill the killer bee!
Trog accepts your kill. The killer bee closely misses you.
You hit the killer bee but do no damage.
The killer bee is heavily wounded.
* * * LOW HITPOINT WARNING * * *
You feel very sick. The killer bee misses you. You furiously retaliate!
You headbutt the killer bee!
You kill the killer bee!
Trog accepts your kill.
You hit the iguana. You headbutt the iguana!
You kill the iguana!
Trog accepts your kill.
* * * LOW HITPOINT WARNING * * *
You feel very sick.
* * * LOW HITPOINT WARNING * * *
You feel sick.
Things that are here:
an iguana corpse; a killer bee corpse
* * * LOW HITPOINT WARNING * * *
You feel sick.
* * * LOW HITPOINT WARNING * * *
You feel sick.
Things that are here:
an iguana corpse; a killer bee corpse
* * * LOW HITPOINT WARNING * * *
You feel sick.
It was a potion of brilliance.
You feel clever all of a sudden.
* * * LOW HITPOINT WARNING * * *
You feel sick.
It was a potion of resistance.
You feel protected.
You die...

##............#..
#..<...)†.......#
#.......).)....##
#.............<#
#..........(...#
#.....>..>.....#
##............##
##.........†#####
#########.@†...#
####†......
........
.........
#.####.... ..
#### .##


There were no monsters in sight!

Vanquished Creatures
  A kobold demonologist (D:6)
  A yak (D:6)
  A vampire mosquito (D:6)
  2 water moccasins
  An ice beast (D:6)
  3 ogres
  A centaur (D:6)
  A phantom (D:6)
  2 bullfrogs
  A scorpion (D:4)
  6 killer bees (D:7)
  2 howler monkeys
  A gnoll bouda (D:6)
  6 hounds
  3 jellies
  Jessica (D:3)
  2 iguanas
  Ijyb (D:3)
  4 orc wizards
  10 gnolls
  11 adders
  A shadow imp (D:7)
  A white imp (D:6)
  4 dart slugs
  15 orcs
  2 bats
  5 endoplasms
  2 giant cockroaches
  7 goblins
  9 hobgoblins
  10 kobolds
  4 quokkas
  6 ball pythons
  3 frilled lizards
  A rat (D:2)
131 creatures vanquished.

Notes
Turn   | Place    | Note
-------+----------+-------------------------------------------
     0 | D:1      | Curundu the Minotaur Berserker began the quest for the Orb.
     0 | D:1      | Reached XP level 1. HP: 19/19 MP: 0/0
   122 | D:1      | Reached skill level 4 in Polearms
   122 | D:1      | Reached XP level 2. HP: 27/27 MP: 1/1
   643 | D:2      | Identified the +5 whip of Welfare {holy, rN++}
   706 | D:2      | Identified the +1 spear of the Sun {speed, Str+6 Int+6
                  | Stlth-}
   994 | D:2      | Identified the +1 pair of boots "Plog" {rElec rPois Str-3}
  1066 | D:2      | Reached XP level 3. HP: 33/33 MP: 2/2
  1218 | D:3      | Reached skill level 1 in Shields
  1261 | D:3      | Reached ** piety under Trog
  1431 | D:3      | Noticed Jessica
  1437 | D:3      | Killed Jessica
  1438 | D:3      | Reached XP level 4. HP: 37/41 MP: 3/3
  1510 | D:3      | Reached skill level 5 in Polearms
  1526 | D:3      | Identified the +5 hand axe of Shrieking Terror {flame,
                  | rCorr}
  1564 | D:3      | Found a white marble altar of Elyvilon.
  1782 | D:3      | Noticed Ijyb
  1827 | D:3      | Killed Ijyb
  1932 | D:3      | Reached skill level 1 in Throwing
  1932 | D:3      | Reached XP level 5. HP: 47/47 MP: 4/4
  2509 | D:4      | Noticed a water moccasin
  2514 | D:4      | Killed a water moccasin
  2515 | D:4      | Reached XP level 6. HP: 53/53 MP: 5/5
  2821 | D:4      | Reached skill level 6 in Polearms
  2835 | D:4      | Reached skill level 5 in Fighting
  2846 | D:4      | Reached *** piety under Trog
  3116 | D:5      | Entered Level 5 of the Dungeon
  3121 | D:5      | Reached skill level 1 in Stealth
  3121 | D:5      | Reached XP level 7. HP: 48/61 MP: 6/6
  3123 | D:5      | Found a staircase to the Ecumenical Temple.
  3194 | Temple   | Entered the Ecumenical Temple
  3562 | D:5      | Found a shimmering altar of Xom.
  3562 | D:5      | Found a basalt altar of Yredelemnul.
  3563 | D:5      | Found a stormy altar of Qazlal.
  3568 | D:5      | Identified the +4 chain mail of Generosity {rCorr Slay+4}
  4050 | D:6      | Reached skill level 7 in Polearms
  4050 | D:6      | Reached XP level 8. HP: 62/69 MP: 7/7
  4351 | D:6      | Noticed a kobold demonologist
  4359 | D:6      | Reached skill level 5 in Throwing
  4367 | D:6      | Killed a kobold demonologist
  4368 | D:6      | Reached skill level 8 in Polearms
  4809 | D:6      | Found Qyeraor's Antique Armour Shoppe.
  4813 | D:6      | Found Bumoapemn's Antique Armour Shoppe.
  4813 | D:6      | Found Qeafyisch's Jewellery Shoppe.
  4816 | D:6      | Found Qetudydu's Assorted Antiques.
  4854 | D:6      | Bought a scroll of identify for 54 gold pieces
  4958 | D:6      | Reached XP level 9. HP: 69/78 MP: 8/8
  5339 | D:7      | Reached skill level 9 in Polearms
  5413 | D:7      | HP: 2/78 [poisoned by a killer bee]
  5416 | D:7      | Succumbed to a killer bee's poison

Illustrated notes

Levels and vault maps discovered:
D:1:      denvon_arrival_planthouse, layout_loops_ring
D:2:      layout_rooms, minmay_box_of_dots
D:3:      wad_crossroads, layout_loops_ring, nicolae_elyvilon_temple_path,
          serial_aquarium, aquarium_bridge_straight [aquarium_subvault_bridge,
          aquarium_subvault_wall, aquarium_subvault_bridge,
          aquarium_subvault_wall], aquarium_bridge_long_separate
          [aquarium_subvault_bridge, aquarium_subvault_window,
          aquarium_subvault_wall, aquarium_subvault_bridge,
          aquarium_subvault_bridge, aquarium_subvault_window],
          aquarium_window_corner, aquarium_window_1, aquarium_view_2d,
          aquarium_view_2c, uniq_ijyb, uniq_jessica
D:4:      layout_loops_cross
D:5:      layout_basic, gammafunk_temple_overflow_claw, temple_fountains
D:6:      minmay_cornered_nines, layout_basic, minmay_shop_grid_forest
D:7:      layout_rooms, nicolae_shop_overcharged_wands, uniq_crazy_yiuf_cottage
Temple:   nicolae_temple_two_arcs

Skill      XL: |  1  2  3  4  5  6  7  8  9 |
---------------+----------------------------+-----
Polearms       | 4 5 6 7 8 9 |  9.4
Fighting       | 4 5 6 |  6.9
Shields        | 1 2 3 |  3.5
Throwing       | 1 2 3 4 5 |  5.9
Dodging        | 3 4 |  4.7
Stealth        | 1 2 |  2.2
Armour         | 3 4 |  4.7
Maces & Flails | |  0.9
Unarmed Combat | |  0.7

Action                     |  1- 3 |  4- 6 |  7- 9 || total
---------------------------+-------+-------+-------++-------
  Melee: Spear             |    87 |    83 |   177 ||   347
         Headbutt          |    11 |    17 |    41 ||    69
         Unarmed           |       |    20 |       ||    20
         Punch             |       |       |     2 ||     2
         Whip              |       |       |    38 ||    38
  Throw: Dart              |     3 |    41 |    34 ||    78
 Invoke: Trog's Hand       |     1 |       |     9 ||    10
    Use: Scroll            |       |       |     5 ||     5
         Potion            |       |       |     2 ||     2
 Armour: Animal skin       |    28 |    25 |    18 ||    71
         Skin              |       |     2 |       ||     2
         Chain mail        |       |       |   105 ||   105
  Dodge: Dodged            |    36 |    41 |    86 ||   163
  Block: Other             |    15 |    24 |    11 ||    50
         Reflection        |     1 |     5 |       ||     6

Table legend: (Time is in decaauts)
 A = Elapsed time spent in this place.
 B = Non-inter-level travel time spent in this place.
 C = Inter-level travel time spent in this place.
 D = Time resting spent in this place.
 E = Time spent auto-exploring this place.
 F = Levels seen in this place.
 G = Mean time per level.
                   A        B        C        D        E       F      G
               +--------+--------+--------+--------+--------+-----+--------+
         Total |   5244 |   5244 |      0 |    221 |   3321 |   8 |  655.5 |
       Dungeon |   5202 |   5202 |      0 |    217 |   3321 |   7 |  743.1 |
        Temple |     42 |     42 |      0 |      4 |      0 |   1 |   42.0 |
               +--------+--------+--------+--------+--------+-----+--------+

Top non-repeatable levels by time:
     D:6: 1252 daAuts
     D:3: 1007 daAuts
     D:4: 838 daAuts
     D:5: 820 daAuts
     D:2: 610 daAuts
     D:1: 586 daAuts
     D:7: 86 daAuts
  Temple: 42 daAuts
